 Dungeon Crawl Stone Soup version 0.25-a0-413-g3b4b6a4ccc (console) character file.

Game seed: 11128485452658911710, levelgen mode: deterministic

7466 Kagalorn the Covert (level 11, -12/78 (79) HPs)
             Began as a Human Assassin on Jan 17, 2020.
             Was an Elder of Dithmenos.
             Mangled by a komodo dragon (20 damage)
             ... on level 9 of the Dungeon.
             The game lasted 00:50:23 (14073 turns).

Kagalorn the Covert (Human Assassin)               Turns: 14073, Time: 00:50:24

HP:   -12/78 (79)   AC:  5    Str: 12    XL:     11   Next: 37%
MP:   19/19         EV: 11    Int: 15    God:    Dithmenos [****..]
Gold: 448           SH:  9    Dex: 14    Spells: 21/21 levels left

rFire    + . .     SeeInvis .   a - +2 dagger (elec)
rCold    . . .     Gourm    .   j - +0 buckler
rNeg     . . .     Faith    .   J - +0 leather armour {rC+}
rPois    .         Spirit   .   (no helmet)
rElec    .         Reflect  +   M - +0 cloak (curse)
rCorr    .         Harm     .   (no gloves)
MR       .....                  c - +0 pair of boots
Stlth    ++++++....             h - +4 amulet of reflection
HPRegen  0.23/turn              G - ring of fire
MPRegen  0.16/turn              L - ring of wizardry

@: wreathed by umbra
A: no striking features
a: Shadow Step, Renounce Religion


You were on level 9 of the Dungeon.
You worshipped Dithmenos.
Dithmenos was greatly pleased with you.
You were hungry.

You visited 2 branches of the dungeon, and saw 11 of its levels.

You collected 448 gold pieces.

Inventory:

Hand Weapons
 a - a +2 dagger of electrocution (weapon)
 b - a +0 hunting sling
 d - a +0 rapier
 w - a +1 dagger of venom
 E - a +5 morningstar of freezing
 I - the +6 morningstar of Thoughtfulness {venom, +Inv rF+ Int+4 Stlth-}
   (You found it on level 6 of the Dungeon)

   It poisons the flesh of those it strikes.
   It affects your intelligence (+4).
   It protects you from fire.
   It lets you turn invisible.
   It makes you less stealthy.
Missiles
 e - 4 curare-tipped darts (quivered)
 g - 340 stones
 s - 107 sling bullets
 C - 7 javelins
Armour
 c - a +0 pair of boots (worn)
 j - a +0 buckler (worn)
 z - a +2 cloak
 J - a +0 leather armour of cold resistance (worn)
 M - a cursed +0 cloak (worn)
Jewellery
 h - a +4 amulet of reflection (around neck)
 G - a ring of fire (left hand)
 L - a ring of wizardry (right hand)
Wands
 l - a wand of polymorph (11)
 B - a wand of digging (4)
 F - a wand of random effects (23)
Scrolls
 k - 3 scrolls of remove curse
 o - 2 scrolls of magic mapping
 q - 2 scrolls of fear
 r - 3 scrolls of fog
 u - a scroll of amnesia
 y - 7 scrolls of teleportation
 K - a scroll of enchant weapon
 N - a scroll of identify
Potions
 m - 2 potions of lignification
 n - 5 potions of brilliance
 p - a potion of mutation
 t - 2 potions of haste
 v - a potion of berserk rage
 x - 2 potions of flight
 A - a potion of agility
 D - 2 potions of curing
 H - 4 potions of might
Comestibles
 f - 21 rations
 O - 5 chunks of flesh


   Skills:
 - Level 5.0 Fighting
 - Level 10.0 Short Blades
 - Level 2.0 Throwing
 - Level 1.0 Dodging
 - Level 10.0 Stealth
 - Level 5.0 Shields
 * Level 5.6 Spellcasting
 * Level 5.5 Evocations


You had 21 spell levels left.
You didn't know any spells.
Your spell library contained the following spells:

 Spells                   Type           Power        Failure   Level  Hunger
 Gell's Gravitas          Tloc           #.........   24%         3    ###....
 Portal Projectile        Hex/Tloc       #.....       24%         3    ###....
 Dispersal                Tloc           #.........   100%        6    #######
 Controlled Blink         Tloc           N/A          100%        8    #######
 Disjunction              Tloc           #.........   100%        8    #######


Dungeon Overview and Level Annotations

Branches:
Dungeon (10/15)            Temple (1/1) D:5            Lair (0/6) D:9
    Orc: D:9-12

Altars:
Ashenzari
Cheibriados
Dithmenos
Elyvilon
Fedhas
Gozag
Hepliaklqana
Kikubaaqudgha
Makhleb
Nemelex Xobeh
Okawaru
Qazlal
Ru
Sif Muna
Trog
Uskayaw
Vehumet
Wu Jian
Xom
Yredelemnul
Zin
The Shining One

Annotations:
D:4 exclusion: ogre
D:5 2 transporters, Gargoyl's ghost, amateur CeAK
D:9 exclusions: downstairs and gargoyle


Message History

The komodo dragon is heavily wounded.
The komodo dragon misses you.
You hit the komodo dragon but do no damage.
The komodo dragon is heavily wounded.
You barely miss the komodo dragon.
The komodo dragon is heavily wounded.
The komodo dragon bites you!!
* * * LOW HITPOINT WARNING * * *
You hit the komodo dragon.
The komodo dragon is heavily wounded.
Your shadow hits the komodo dragon with a dagger.
Press: ? - help, v - describe, . - travel
Here: a komodo dragon (heavily wounded, umbra)
A stone staircase leading down, spattered with blood.
Unknown command.
Unknown command.
Unknown command.
Unknown command.
The komodo dragon bites you!!
You die...

......###.......P........#.......
......##..P.P.P.P..P.....###.....
...............P.P.........#....รท
.......P....P...P.P........#.....
###'##...P..####.P.........#.....
.....#.P....'..#P.P........#.....
.....#......#)>#P..P.......#.....
.....#.....P####PlP..>.....#.....
.....#.........P@P.P.......#.....
.....#....P.P...P..........#.....
.....#......PP..P...##'#####.....
.....#.........P...............##
.....#....#.....P#.............#P
######................)........#.
....................[..........#.
..##'######.######.............#.
..#.......#.#....#..........####P


You could see a komodo dragon.

Vanquished Creatures
  A two-headed ogre (D:10)
  A spriggan (D:7)
  6 humans
  6 yaks
  5 sky beasts
  3 orc warriors
  3 ice beasts
  A black bear (D:9)
  A necrophage (D:8)
  2 phantoms
  4 ogres
  A big kobold (D:9)
  6 bullfrogs
  3 scorpions
  A water moccasin skeleton (D:8)
  18 killer bees
  5 wights
  2 howler monkeys
  9 crimson imps
  A bullfrog zombie (D:10)
  A centaur skeleton (D:10)
  A jelly (D:5)
  5 orc priests
  3 hounds
  2 iguanas
  2 bullfrog skeletons
  9 orc wizards
  4 worker ants
  Terence (D:2)
  11 gnolls
  10 adders
  5 shadow imps
  An ooze (D:3)
  An adder zombie (D:5)
  2 adder skeletons
  3 worms
  2 dart slugs (D:1)
  5 leopard geckos
  35 orcs
  3 ball pythons
  4 giant cockroaches
  2 gnoll zombies (D:9)
  15 hobgoblins
  22 jackals
  31 kobolds
  2 quokkas (D:2)
  5 bats
  3 frilled lizards
  12 goblins
  A jackal zombie (D:6)
  A leopard gecko skeleton (D:4)
  A leopard gecko zombie (D:6)
  11 rats
295 creatures vanquished.

Vanquished Creatures (others)
  9 fungi (D:9)
9 creatures vanquished.

Grand Total: 304 creatures vanquished

Notes
Turn   | Place    | Note
-------+----------+-------------------------------------------
     0 | D:1      | Kagalorn the Human Assassin began the quest for the Orb.
     0 | D:1      | Reached XP level 1. HP: 16/16 MP: 1/1
   173 | D:1      | Reached XP level 2. HP: 19/22 MP: 2/2
   494 | D:1      | Reached XP level 3. HP: 23/27 MP: 3/3
   581 | D:1      | Reached skill level 5 in Stealth
  1101 | D:2      | Found an iron altar of Okawaru.
  1176 | D:2      | Reached XP level 4. HP: 26/33 MP: 4/4
  1215 | D:2      | Found a faded altar of an unknown god.
  1283 | D:2      | Noticed Terence
  1309 | D:2      | Reached skill level 1 in Shields
  1997 | D:3      | Reached XP level 5. HP: 35/38 MP: 5/5
  2251 | D:3      | Found a glowing golden altar of the Shining One.
  3075 | D:3      | Found a glowing golden altar of the Shining One.
  3612 | D:4      | Found a burning altar of Makhleb.
  3612 | D:4      | Noticed an ogre
  3670 | D:4      | Found a sacrificial altar of Ru.
  3673 | D:4      | Reached XP level 6. HP: 44/44 MP: 6/6
  4277 | D:4      | Reached XP level 7. HP: 48/50 MP: 7/7
  4715 | D:5      | Entered Level 5 of the Dungeon
  4715 | D:5      | Found a shadowy altar of Dithmenos.
  4842 | D:5      | Found a staircase to the Ecumenical Temple.
  4858 | Temple   | Entered the Ecumenical Temple
  4985 | Temple   | Became a worshipper of Dithmenos the Shadowed
  5243 | D:5      | Noticed Gargoyl's ghost (amateur CeAK)
  5437 | D:5      | Found a transporter.
  5446 | D:5      | Found a transporter.
  5465 | D:5      | Reached XP level 8. HP: 56/56 MP: 8/8
  5519 | D:5      | Found a shimmering altar of Xom.
  5699 | D:5      | Reached skill level 5 in Shields
  5730 | D:5      | Reached * piety under Dithmenos
  6185 | D:6      | Reached skill level 10 in Stealth
  6557 | D:6      | Got a polished morningstar
  6612 | D:6      | Reached XP level 9. HP: 61/61 MP: 9/9
  6707 | D:6      | Found a stormy altar of Qazlal.
  6720 | D:6      | Found an opulent altar of Gozag.
  7044 | D:6      | Reached skill level 5 in Short Blades
  7530 | D:2      | Killed Terence
  8017 | D:5      | Found a staircase to the Ecumenical Temple.
  8040 | D:5      | Found a transporter.
  8091 | D:5      | Found a transporter.
  8135 | D:5      | Found a shimmering altar of Xom.
  8790 | D:6      | Found a stormy altar of Qazlal.
  8803 | D:6      | Found an opulent altar of Gozag.
  8983 | D:7      | Reached ** piety under Dithmenos
  9077 | D:7      | Reached XP level 10. HP: 62/67 MP: 10/10
  9203 | D:7      | Found a white marble altar of Elyvilon.
  9404 | D:7      | Found a blossoming altar of Fedhas.
  9652 | D:7      | Found a shimmering blue altar of Sif Muna.
  9652 | D:7      | Found an ornate altar of the Wu Jian Council.
 10018 | D:8      | Found a bloodstained altar of Trog.
 10147 | D:8      | Found a bloodstained altar of Trog.
 10293 | D:8      | Reached skill level 10 in Short Blades
 10983 | D:8      | Identified the +6 morningstar of Thoughtfulness {venom,
                  | +Inv rF+ Int+4 Stlth-} (You found it on level 6 of the
                  | Dungeon)
 11041 | D:8      | Reached skill level 1 in Spellcasting
 11517 | D:9      | Reached *** piety under Dithmenos
 11746 | D:9      | Reached skill level 5 in Fighting
 11929 | D:9      | Reached skill level 1 in Evocations
 12133 | D:9      | Noticed a gargoyle
 12347 | D:9      | Found a basalt altar of Yredelemnul.
 12997 | D:9      | Reached XP level 11. HP: 78/78 MP: 16/16
 13026 | D:9      | Found a staircase to the Lair.
 13571 | D:9      | Reached **** piety under Dithmenos
 13886 | D:10     | Entered Level 10 of the Dungeon
 13886 | D:10     | Noticed a two-headed ogre
 13944 | D:10     | Reached skill level 5 in Spellcasting
 13983 | D:10     | Killed a two-headed ogre
 13983 | D:10     | Reached skill level 5 in Evocations
 14073 | D:9      | Mangled by a komodo dragon

Levels and vault maps discovered:
D:1:      scummos_arrival_simple_crosswalls, layout_loops_ring, minmay_vboxes
D:2:      layout_loops_ring, okawaru_metal_pillars_1_2,
          chequers_ecumenical_altar_simple_redux, chequers_serial_rivers_room_b,
          minmay_misc_feat_encased, uniq_terence
D:3:      layout_basic, tso_altar, kennysheep_flooded_box
D:4:      layout_gridville, lemuel_round_altar,
          nicolae_ru_great_annihilating_truth
D:5:      layout_basic, led_xom_imps, minmay_temple_entry_waves,
          gammafunk_ghost_arena, first_ration, basic_altar
D:6:      layout_loops_ring, lemuel_crystal_altar,
          nicolae_qazlal_general_emergency, minmay_fractal_squares_5
D:7:      cheibrodos_iron_armory, layout_loops_ring, elyvilon_altar_5,
          fedhas_altar_3, gammafunk_temple_overflow_pools, the_bakery,
          minmay_ruffians
D:8:      layout_loops_ring, overflow_temple_1_default, lemuel_altar_in_water
D:9:      kennysheep_kobold_camp, layout_irregular_city,
          lemuel_zombie_altar_yredelemnul, grunt_lair_entry_orc_guard_hut,
          chequers_arboretum
D:10:     layout_rooms, uniq_maggie, uniq_psyche, uniq_erica
Temple:   nicolae_temple_figure_zero

Skill      XL: |  1  2  3  4  5  6  7  8  9 10 11 |
---------------+----------------------------------+-----
Stealth        | 5 6 7 8 10 | 10.0
Shields        | 1 2 3 4 5 |  5.0
Short Blades   | 4 8 10 | 10.0
Fighting       | 5 |  5.0
Spellcasting   | 3 5 |  5.6
Evocations     | 3 5 |  5.5
Throwing       | |  2.0
Dodging        | |  1.0

Action                   |  1- 3 |  4- 6 |  7- 9 | 10-12 || total
-------------------------+-------+-------+-------+-------++-------
Melee: Dagger            |   114 |   214 |   331 |   514 ||  1173
 Fire: Hunting sling     |       |       |     6 |     6 ||    12
Throw: Dart              |       |    30 |    34 |    13 ||    77
  Use: Scroll            |       |       |    16 |     6 ||    22
 Stab: Sleeping          |    14 |    17 |    11 |    13 ||    55
       Distracted        |       |       |       |     2 ||     2
  Eat: Chunk             |     1 |    10 |     9 |    11 ||    31
       Ration            |       |       |     2 |     1 ||     3
Armor: Robe              |     9 |    20 |    33 |    11 ||    73
       Leather armour    |       |       |       |    35 ||    35
Dodge: Dodged            |    24 |    79 |   100 |   151 ||   354
Block: Buckler           |    29 |    60 |    99 |   138 ||   326
       Other             |     3 |       |       |       ||     3
       Reflection        |     1 |     1 |     1 |     4 ||     7

Table legend:
 A = Non-vault XP
 B = Vault XP
 C = Vault XP percentage of total XP
 D = Non-vault monster count
 E = Vault monster count
 F = Vault count percentage of total count
                 A         B        C        D         E       F
            +---------+---------+-------+---------+---------+-------
      Total |    8055 |    2611 |  24.5 |     234 |      61 |  20.7
            +---------+---------+-------+---------+---------+-------
        D:1 |      40 |      18 |  31.0 |      23 |       9 |  28.1
        D:2 |      70 |      32 |  31.4 |      29 |       1 |   3.3
        D:3 |     165 |       0 |   0.0 |      31 |       0 |   0.0
        D:4 |     406 |      89 |  18.0 |      24 |       5 |  17.2
        D:5 |     901 |     146 |  13.9 |      22 |       3 |  12.0
        D:6 |     426 |     441 |  50.9 |      20 |       9 |  31.0
        D:7 |     612 |    1228 |  66.7 |      16 |       6 |  27.3
        D:8 |    2392 |       0 |   0.0 |      34 |       0 |   0.0
        D:9 |    1578 |     657 |  29.4 |      28 |      28 |  50.0
       D:10 |    1465 |       0 |   0.0 |       7 |       0 |   0.0
            +---------+---------+-------+---------+---------+-------
